 Dungeon Crawl Stone Soup version 0.19.4-10-g532645f (webtiles) character file.

401 tof the Ducker (level 6, -4/51 HPs)
             Began as a Draconian Warper on Feb 25, 2017.
             Was an Initiate of Okawaru.
             Slain by a gnoll
             ... wielding a +0 spear
              (5 damage)
             ... on level 4 of the Dungeon.
             The game lasted 00:15:26 (3693 turns).

tof the Ducker (Draconian Warper)                   Turns: 3693, Time: 00:15:26

Health: -4/51      AC:  8    Str: 14    XL:     6   Next: 54%
Magic:  7/9        EV: 13    Int: 14    God:    Okawaru [......]
Gold:   254        SH:  0    Dex: 11    Spells: 2 memorised, 4 levels left

rFire  . . .     SeeInvis .     a - +1 flail (drain)
rCold  . . .     Gourm    .     (armour unavailable)
rNeg   . . .     Faith    .     (no shield)
rPois  .         Spirit   .     (helmet restricted)
rElec  .         Reflect  .     v - +0 cloak
rCorr  .         Harm     .     (no gloves)
MR     .....                    k - +0 pair of boots
Stlth  +++.......               (no amulet)
                                (no ring)
                                r - ring of stealth

@: no status effects
A: unfitting armour, cold-blooded, AC +6
a: Renounce Religion


You were on level 4 of the Dungeon.
You worshipped Okawaru.
Okawaru was noncommittal.
You were not hungry.

You visited 1 branch of the dungeon, and saw 4 of its levels.

You collected 254 gold pieces.

Inventory:

Hand Weapons
 a - a +1 flail of draining (weapon)
 b - a +4 hunting sling
Missiles
 d - 4 tomahawks of dispersal (quivered)
 h - 130 stones
 y - 7 silver tomahawks
Armour
 k - a +0 pair of boots (worn)
 v - a +0 cloak (worn)
Jewellery
 r - a ring of stealth (left hand)
Scrolls
 c - 2 scrolls of blinking
 n - a scroll of identify
 u - a scroll of recharging
Potions
 g - 2 potions of cure mutation
 i - a potion of agility {unknown}
 j - 3 potions of curing {unknown}
 m - 2 potions of cancellation {unknown}
 p - 2 potions of heal wounds {unknown}
 q - a potion of degeneration {unknown}
 s - a potion of resistance {unknown}
 t - a potion of beneficial mutation {unknown}
Books
 e - a book of Spatial Translocations

   Spells                             Type                      Level
   a - Blink                          Translocation                2
   b - Shroud of Golubria             Charms/Translocation         2
   c - Lesser Beckoning               Translocation                3
   d - Portal Projectile              Translocation                3
   e - Teleport Other                 Translocation                3
   f - Passage of Golubria            Translocation                4
Comestibles
 f - 5 bread rations
 l - 3 meat rations
 w - 10 chunks of flesh


   Skills:
 + Level 3.3 Fighting
 + Level 3.7 Maces & Flails
 + Level 2.4(2.5) Slings
 + Level 0.8(1.8) Throwing
 + Level 3.8 Dodging
 + Level 1.5 Stealth
 + Level 2.3 Spellcasting
 + Level 0.6 Charms
 + Level 3.1 Translocations


You had 4 spell levels left.
You knew the following spells:

 Your Spells              Type           Power        Failure   Level  Hunger
a - Shroud of Golubria    Chrm/Tloc      #.........   17%         2    ###....
b - Portal Projectile     Tloc           ##....       21%         3    ###....


Dungeon Overview and Level Annotations

Branches:
Dungeon (4/15)
 Temple: D:4-7

Altars:
Makhleb
Okawaru
Xom
Zin


Innate Abilities, Weirdness & Mutations

Your plain brown scales are hard. (AC +6)
You cannot fit into any form of body armour.
You are cold-blooded and may be slowed by cold attacks.


Message History

* * * LOW HITPOINT WARNING * * *
The gnoll barely misses you.
The centaur skeleton closely misses you.
You thump the centaur skeleton!
The centaur skeleton is heavily damaged.
The gnoll misses you. The gnoll hits you but does no damage.
The centaur skeleton hits you.
* * * LOW HITPOINT WARNING * * *
The gnoll hits you but does no damage. The gnoll hits you with a spear.
* * * LOW HITPOINT WARNING * * *
You hit the centaur skeleton.
The centaur skeleton is heavily damaged.
The centaur skeleton closely misses you.
The centaur skeleton misses you. The gnoll hits you but does no damage.
The gnoll closely misses you.
You thump the centaur skeleton!
The centaur skeleton is severely damaged.
The centaur skeleton hits you but does no damage.
The gnoll hits you with a spear.
You die...

.... .... .. ...#
... # ...# #
....######
.........#######
#.......!.$.##.##
#...............#
#.....@Z......#
#.(..(gg.......##
...((.######....##
#### .....#
##....####...
...># ##....##....
...# ##....)..).
...< #....#....
... #...####..
.... ###)..# ##.


You could see 2 gnolls and a centaur skeleton.

Vanquished Creatures
  An ogre (D:4)
  An orc wizard (D:4)
  Ijyb (D:3)
  11 gnolls
  4 adders
  An ooze (D:3)
  A worm (D:3)
  An adder skeleton (D:4)
  A dart slug (D:1)
  6 leopard geckos
  10 orcs
  3 giant cockroaches
  6 goblins
  8 hobgoblins
  15 jackals
  2 ball pythons (D:2)
  11 bats
  A frilled lizard (D:1)
  A jackal skeleton (D:4)
  8 kobolds
  6 rats
99 creatures vanquished.

Notes
Turn   | Place    | Note
-------+----------+-------------------------------------------
     0 | D:1      | tof the Draconian Warper began the quest for the Orb.
     0 | D:1      | Reached XP level 1. HP: 17/17 MP: 3/3
   532 | D:1      | Reached XP level 2. HP: 25/25 MP: 5/5
   581 | D:1      | Learned a level 2 spell: Shroud of Golubria
  1272 | D:2      | Reached XP level 3. HP: 15/30 MP: 6/6
  1637 | D:2      | Reached skill level 1 in Slings
  1807 | D:2      | Reached XP level 4. HP: 37/37 MP: 7/7
  1813 | D:2      | Reached skill level 1 in Stealth
  1815 | D:2      | Found an iron altar of Okawaru.
  1925 | D:2      | Became a worshipper of Warmaster Okawaru
  2328 | D:3      | Reached XP level 5. HP: 34/45 MP: 6/8
  2819 | D:3      | Found a shimmering altar of Xom.
  2827 | D:3      | Noticed Ijyb
  2872 | D:3      | Killed Ijyb
  3361 | D:4      | Found a burning altar of Makhleb.
  3361 | D:4      | Found a glowing silver altar of Zin.
  3363 | D:4      | Noticed an angel
  3363 | D:4      | Noticed an Executioner
  3377 | D:4      | Reached XP level 6. HP: 47/51 MP: 7/9
  3425 | D:4      | Learned a level 3 spell: Portal Projectile
  3691 | D:4      | HP: 2/51 [centaur skeleton (1)]
  3693 | D:4      | Slain by a gnoll

Skill      XL: |  1  2  3  4  5  6 |
---------------+-------------------+-----
Slings         | 1 2 |  2.4
Stealth        | 1 |  1.5
Fighting       | 3 |  3.3
Maces & Flails | 3 |  3.7
Dodging        | 3 |  3.8
Throwing       | |  0.8
Spellcasting   | |  2.3
Charms         | |  0.6
Translocations | |  3.1

Action                   |  1- 3 |  4- 6 || total
-------------------------+-------+-------++-------
Melee: Mace              |    90 |   154 ||   244
       Tailslap          |     4 |    20 ||    24
       Flail             |       |    55 ||    55
 Fire: Hunting sling     |    34 |    52 ||    86
Throw: Tomahawk          |     1 |       ||     1
 Cast: Shroud of Golubri |       |     8 ||     8
       Portal Projectile |       |     1 ||     1
  Use: Scroll            |       |     5 ||     5
 Stab: Sleeping          |     3 |     5 ||     8
  Eat: Chunk             |     3 |     7 ||    10
Armor: Skin              |    43 |   114 ||   157
Dodge: Dodged            |   101 |   251 ||   352
